Match 47341309
Unlisted

Match 47341309
End
Engineer Squad
Selects Special Operations Battlegroup
Selects M29 Weasel Recon Vehicle
M29 Weasel Recon Vehicle
Construct Barracks
Riflemen Squad
Riflemen Squad
Grenade Package
Construct Weapon Support Center
Bazooka Squad
Riflemen Squad
Mechanized Support Center
Bazooka Squad
Improved M9 Bazooka Rockets
Bazooka Squad
Selects P-47 Anti-Infantry Loiter
P-47 Anti-Infantry Loiter
Selects Smoke Screen
Smoke Screen
Construct Tank Depot
rjspilly
冲锋大哥
阿哲
ranger BOY
LOPO
Unsafe
Up
Thor
0
0

Comments sign in to comment!

No comments posted yet!